 Dungeon Crawl Stone Soup version 0.27-a0-1060-gcb85b5eba1 (webtiles) character file.

Game seed: 15417758159782951320

1350 Froggeryz the Cleaver (level 8, -2/58 HPs)
             Began as a Formicid Fighter on Apr 21, 2021.
             Slain by a gnoll
             ... wielding a +0 halberd
              (10 damage)
             ... on level 5 of the Dungeon.
             The game lasted 00:07:39 (6318 turns).

Froggeryz the Cleaver (Formicid Fighter)            Turns: 6318, Time: 00:07:39

Health: -2/58      AC:  6    Str: 22    XL:     8   Next: 94%
Magic:  8/8        EV:  9    Int:  9    God:
Gold:   166        SH: 12    Dex: 12    Spells: 7/7 levels left

rFire    . . .     SeeInvis +   a - +1 war axe
rCold    . . .     Faith    .   c - +1 kite shield
rNeg     + . .     Spirit   .   b - +0 scale mail
rPois    .         Reflect  .   (helmet unavailable)
rElec    .         Harm     .   (no cloak)
rCorr    .         Rampage  .   (no gloves)
Will     .....                  (no boots)
Stlth    ..........             (no amulet)
HPRegen  0.19/turn              e - ring of positive energy
MPRegen  0.11/turn              (no ring)

@: no status effects
A: permanent stasis, dig shafts and tunnels, antennae 3, four strong arms, agile
1, mutation resistance 1
a: Dig, Shaft Self


You were on level 5 of the Dungeon.
You visited 1 branch of the dungeon, and saw 6 of its levels.

You collected 166 gold pieces.

Inventory:

Hand Weapons
 a - a +1 war axe (weapon)
Missiles
 m - a throwing net
Armour
 b - a +0 scale mail (worn)
 c - a +1 kite shield (worn)
Jewellery
 e - a ring of positive energy (left hand)
Wands
 d - a wand of charming (3)
 p - a wand of paralysis (6)
Scrolls
 f - 3 scrolls of identify
 h - 4 scrolls of silence
 j - a scroll of holy word
 n - a scroll of fear {unknown}
 o - a scroll of enchant armour
Potions
 g - a potion of curing
 i - a potion of cancellation
 k - a potion of lignification {unknown}
 l - a potion of resistance {unknown}


   Skills:
 - Level 3.2 Fighting
 * Level 8.7 Axes
 - Level 3.2 Armour
 + Level 7.9 Shields


You had 7 spell levels left.
You didn't know any spells.
Your spell library contained the following spells:

 Spells                   Type           Power      Damage    Failure   Level
 Foxfire                  Conj/Fire      0%         2x1d4     78%         1
 Confusing Touch          Hex            0%         N/A       98%         3
 Gell's Gravitas          Tloc           0%         N/A       98%         3
 Petrify                  Tmut/Erth      0%         N/A       100%        4
 Metabolic Englaciation   Hex/Ice        0%         N/A       100%        5
 Yara's Violent Unravell  Hex/Tmut       0%         3d3       100%        5


Dungeon Overview and Level Annotations

Branches:
Dungeon (6/15)
 Temple: D:4-7

Altars:
Sif Muna
Trog
Vehumet
Wu Jian
The Shining One

Shops:
D:2 (


Innate Abilities, Weirdness & Mutations

You cannot be hasted, slowed, berserked, paralysed or teleported.
You can dig through walls and to a lower floor.
You have a pair of large antennae on your head. (SInv)
Your four strong arms can wield two-handed weapons with a shield.
You are agile. (Dex +2)
You are somewhat resistant to further mutation.


Message History

You kill the gnoll!
Your scale mail prevents you from hitting the gnoll shaman.
The gnoll hits you from afar with a +0 halberd.
You block the gnoll's attack.
The gnoll shaman calls upon its god to speed up the gnoll.
The gnoll seems to speed up.
You block the gnoll's attack.
You barely miss the gnoll shaman.
The gnoll shaman is heavily wounded.
You completely miss the orc warrior. The orc warrior closely misses you.
The gnoll barely misses you.
The gnoll hits you from afar with a +0 halberd!
You closely miss the gnoll shaman.
The gnoll shaman is heavily wounded.
You hit the gnoll but do no damage. You hit the orc warrior.
You block the gnoll's attack. You block the orc warrior's attack.
The gnoll hits you from afar with a +0 spear.
The gnoll shaman calls upon its god to speed up the gnoll.
The gnoll seems to speed up.
The gnoll completely misses you.
The gnoll hits you from afar with a +0 halberd.
The orc warrior barely misses you.
You slash the gnoll shaman!
You kill the gnoll shaman!
You slash the gnoll! You hit the orc warrior. You block the gnoll's attack. x2
The gnoll hits you from afar with a +0 halberd.
The orc warrior hits you with a +2 scimitar of protection!!
* * * LOW HITPOINT WARNING * * *
The gnoll hits you but does no damage. You block the gnoll's attack.
You block the gnoll's attack. The gnoll closely misses you.
The gnoll hits you from afar with a +0 halberd.
* * * LOW HITPOINT WARNING * * *
You block the gnoll's attack.
The gnoll hits you but does no damage. x2
The gnoll hits you with a +0 whip.
* * * LOW HITPOINT WARNING * * *
You block the gnoll's attack. The gnoll hits you with a +0 whip.
* * * LOW HITPOINT WARNING * * *
There is a stone staircase leading up here.
The gnoll hits you from afar with a +0 halberd!
You die...

#....... ##.......
###..#####. #...##
## #...#
#...######
#...##...#
########...##...#
#@g........##...##
#.#gg#####.##.....
#....o.....##.....
#..#.#.#.#.##.....
#.[........##.....
#..#.#.#.#.'......
#..........)......
#..#.#.#.#..####..
#.:.........# #..


You could see an orc warrior and 3 gnolls.

Vanquished Creatures
  Sigmund (D:3)
  A water moccasin (D:5)
  A sky beast (D:4)
  A necrophage (D:4)
  3 ogres
  A phantom (D:5)
  Blork the orc (D:4)
  A scorpion (D:5)
  A howler monkey (D:5)
  A jelly (D:5)
  Ijyb (D:4)
  A gnoll shaman (D:5)
  2 iguanas (D:4)
  2 orc wizards
  Robin (D:3)
  9 adders
  5 gnolls
  A white imp (D:5)
  2 ufetubi (D:4)
  4 worms (D:2)
  14 orcs
  7 endoplasms
  4 giant cockroaches
  18 goblins
  13 hobgoblins
  3 jackals (D:1)
  5 quokkas
  A ball python (D:1)
  5 bats
  2 frilled lizards
  10 kobolds
  3 rats (D:1)
125 creatures vanquished.

Vanquished Creatures (collateral kills)
  An ufetubus (D:5)
1 creature vanquished.

Vanquished Creatures (others)
  2 plants (D:6)
2 creatures vanquished.

Grand Total: 128 creatures vanquished

Notes
Turn   | Place    | Note
-------+----------+-------------------------------------------
     0 | D:1      | Froggeryz the Formicid Fighter began the quest for the Orb.
     0 | D:1      | Reached XP level 1. HP: 18/18 MP: 1/1
    96 | D:1      | Reached XP level 2. HP: 24/24 MP: 2/2
   778 | D:1      | Found a faded altar of an unknown god.
  1053 | D:2      | Reached skill level 3 in Axes
  1053 | D:2      | Reached XP level 3. HP: 18/29 MP: 3/3
  1397 | D:2      | Found Ecoxzo's Antique Weapon Shop.
  1608 | D:2      | Reached XP level 4. HP: 31/35 MP: 4/4
  2374 | D:3      | Found a radiant altar of Vehumet.
  2374 | D:3      | Found a glowing golden altar of the Shining One.
  2406 | D:3      | Noticed Robin
  2432 | D:3      | Gained mutation: You are somewhat resistant to further
                  | mutation. [potion of mutation]
  2432 | D:3      | Gained mutation: You are agile. (Dex +2) [potion of
                  | mutation]
  2440 | D:3      | Killed Robin
  2441 | D:3      | Reached skill level 4 in Axes
  2441 | D:3      | Reached XP level 5. HP: 19/41 MP: 5/5
  3093 | D:3      | You fall into a shaft and drop 2 floors!
  3093 | D:5      | Entered Level 5 of the Dungeon
  3121 | D:5      | Noticed an ogre
  3171 | D:5      | You fall into a shaft and drop 1 floor!
  3281 | D:5      | Noticed a sky beast
  3350 | D:4      | Noticed Ijyb
  3381 | D:4      | Reached skill level 5 in Shields
  3399 | D:4      | Killed a sky beast
  3400 | D:4      | Reached XP level 6. HP: 6/47 MP: 6/6
  3402 | D:4      | Reached skill level 5 in Axes
  3410 | D:4      | Killed Ijyb
  3851 | D:3      | Noticed Sigmund
  3873 | D:3      | Killed Sigmund
  3874 | D:3      | Reached skill level 6 in Axes
  3874 | D:3      | Reached XP level 7. HP: 39/52 MP: 7/7
  4295 | D:4      | Noticed Blork the orc
  4303 | D:4      | Killed Blork the orc
  4666 | D:4      | Identified the +0 robe of Paduonga {rN+ Regen+ rCorr}
  4684 | D:4      | Reached skill level 7 in Axes
  4688 | D:4      | Reached XP level 8. HP: 50/58 MP: 8/8
  5444 | D:5      | Reached skill level 8 in Axes
  6128 | D:5      | Found an ornate altar of the Wu Jian Council.
  6164 | D:5      | Found a bloodstained altar of Trog.
  6172 | D:5      | Found a shimmering blue altar of Sif Muna.
  6175 | D:5      | Identified Sif Muna's Incunabulum of the Blaze
  6318 | D:5      | Slain by a gnoll

Illustrated notes

Levels and vault maps discovered:
D:1:      heliophobic_arrival_glass_houses, layout_loops_corners,
          shapermc_ecumenical_altar_venn
D:2:      layout_basic, serial_shops, shop
D:3:      kennysheep_six_static_rooms, layout_loops_ring,
          gammafunk_temple_overflow_statue, chequers_serial_rivers_room_a,
          uniq_robin, uniq_sigmund
D:4:      layout_rooms, minmay_misc_feat_hallway, minmay_ogre_servants,
          uniq_ijyb, uniq_blork_the_orc
D:5:      layout_basic, nzn_overflow_gifts_of_might_and_magic,
          pdpol_wu_jian_five_deadly_venoms, serial_glass, glass_columns_c,
          glass_columns_c, feat_on_display, item_on_display_a,
          hangedman_abyss_or_decor_stabs, kennysheep_nub
D:6:      layout_loops_ring, serial_bayou_lagoon_b, uniq_eustachio

Skill      XL: |  1  2  3  4  5  6  7  8 |
---------------+-------------------------+-----
Shields        | 4 5 6 7 |  7.9
Axes           | 3 4 6 7 8 |  8.7
Fighting       | |  3.2
Armour         | |  3.2

Action                   |  1- 3 |  4- 6 |  7- 9 || total
-------------------------+-------+-------+-------++-------
Melee: War axe           |    99 |   150 |   171 ||   420
 Abil: Dig               |       |     7 |     1 ||     8
Evoke: Wand              |       |       |     4 ||     4
  Use: Scroll            |     5 |     3 |     1 ||     9
       Potion            |       |     4 |     1 ||     5
Armor: Scale mail        |    48 |    54 |    30 ||   132
Dodge: Dodged            |    48 |    47 |    57 ||   152
Block: Kite shield       |    61 |    88 |   110 ||   259

Table legend: (Time is in decaauts)
 A = Elapsed time spent in this place.
 B = Non-inter-level travel time spent in this place.
 C = Inter-level travel time spent in this place.
 D = Time resting spent in this place.
 E = Time spent auto-exploring this place.
 F = Levels seen in this place.
 G = Mean time per level.
                   A        B        C        D        E       F      G
               +--------+--------+--------+--------+--------+-----+--------+
         Total |   6476 |   6376 |    100 |   1281 |   3701 |   6 | 1079.3 |
       Dungeon |   6476 |   6376 |    100 |   1281 |   3701 |   6 | 1079.3 |
               +--------+--------+--------+--------+--------+-----+--------+

Top non-repeatable levels by time:
     D:4: 1488 daAuts
     D:3: 1337 daAuts
     D:1: 1317 daAuts
     D:5: 1157 daAuts
     D:2: 1118 daAuts
     D:6: 57 daAuts
